Map: 젠 - 래더

Players

Impact

  • Race: Zerg Zerg
  • League: Grandmaster
  • Spawn Location: 1:00

TSGDynaMite (DynaMite) - Winner!

  • Race: Terran Terran
  • League: Master
  • Spawn Location: 7:00

VOD

Have the link to the VOD?

Description

Time

  • Played on: Jan. 15, 2020, 6:26 a.m.
  • Length: 11:41
Show
View Real Time Build Order
Export as new Build Order

Impact Zerg 

Build Orders: Pool First, Muta Ling Bane 

Get SALT Encoding   

  12  0:00  Drone  
  13  0:12  Overlord  
  13  0:17  Drone  
  14  0:31  Drone x2  
  14  0:35  Drone  
  17  0:45  Extractor  
  17  0:47  Spawning Pool  
  17  0:49  Drone  
  16  0:56  Drone  
  17  1:07  Drone  
  18  1:18  Hatchery  
  17  1:27  Drone  
  18  1:33  Zergling x2  
  18  1:36  Queen  
  21  1:46  Metabolic Boost  
  21  1:49  Zergling x2  
  22  2:01  Roach Warren  
  22  2:06  Overlord  
  21  2:16  Overlord  
  21  2:29  Drone  
  22  2:30  Drone  
  22  2:31  Drone  
  22  2:33  Drone  
  22  2:35  Queen  
  27  2:41  Drone  
  27  2:44  Drone  
  29  2:49  Spore Crawler  
  28  2:54  Drone x2  
  28  2:55  Drone  
  32  2:58  Queen  
  35  3:05  Drone x2  
  36  3:14  Drone x2  
  36  3:18  Drone  
  39  3:25  Hatchery, Drone  
  39  3:29  Drone  
  39  3:30  Drone  
  39  3:31  Zergling x2  
  39  3:32  Zergling x2  
  43  3:38  Overlord  
  43  3:51  Lair  
  43  3:56  Queen  
  43  3:58  Drone x2  
  43  3:59  Drone, Roach Warren  
  43  4:00  Drone  
  48  4:03  Drone  
  48  4:07  Overlord  
  48  4:09  Overlord  
  49  4:10  Overlord  
  49  4:18  Extractor x2  
  49  4:19  Roach Warren  
  46  4:26  Drone  
  46  4:27  Drone x3  
  46  4:29  Spore Crawler  
  46  4:30  Drone  
  51  4:33  Drone  
  51  4:34  Queen  
  54  4:39  Queen  
  54  4:41  Roach x2  
  54  4:44  Roach  
  62  4:49  Roach x2  
  62  4:51  Overseer  
  62  4:52  Overseer  
  65  4:58  Drone x2  
  65  4:59  Drone  
  68  5:05  Glial Reconstitution, Drone x2  
  68  5:07  Drone  
  71  5:11  Spore Crawler  
  67  5:22  Drone x5  
  67  5:26  Drone  
  67  5:27  Drone x3  
  73  5:29  Overlord  
  73  5:36  Spire  
  73  5:38  Drone x2  
  73  5:42  Drone  
  73  5:49  Drone  
  74  5:50  Drone x2  
  74  5:51  Drone x2  
  74  5:52  Drone  
  74  5:53  Drone  
  74  5:54  Drone  
  81  5:59  Extractor  
  81  6:00  Overlord  
  81  6:01  Extractor  
  79  6:04  Drone  
  79  6:05  Drone  
  79  6:06  Extractor  
  79  6:07  Drone  
  81  6:11  Overlord x2  
  81  6:18  Drone x7  
  88  6:25  Overlord  
  88  6:29  Drone  
  88  6:31  Drone x2  
  88  6:32  Baneling Nest  
  88  6:33  Evolution Chamber  
  88  6:34  Overlord x2  
  88  6:35  Evolution Chamber  
  88  6:36  Drone x2  
  88  6:40  Zergling x4  
  88  6:45  Zergling x2  
  88  6:46  Zergling x8  
  95  6:50  Mutalisk x2  
  95  6:52  Mutalisk  
  101  6:55  Mutalisk  
  101  6:57  Mutalisk  
  101  6:59  Mutalisk  
  107  7:02  Mutalisk  
  107  7:07  Zerg Ground Armor Level 1  
  109  7:10  Zerg Melee Weapons Level 1  
  109  7:15  Hatchery  
  109  7:21  Centrifical Hooks  
  109  7:22  Zergling x6  
  111  7:27  Mutalisk x2  
  113  7:33  Drone  
  113  7:35  Zergling x6  
  113  7:36  Zergling x8  
  121  7:41  Zergling x2  
  121  7:42  Zergling x8  
  120  7:46  Zergling x2  
  120  7:49  Overlord  
  121  7:55  Drone x2  
  123  8:00  Drone x2  
  123  8:01  Drone x2  
  125  8:07  Zergling x2  
  125  8:08  Drone x3  
  125  8:10  Drone  
  125  8:12  Baneling x4  
  130  8:16  Mutalisk x2  
  134  8:20  Overlord  
  133  8:27  Mutalisk  
  133  8:28  Hatchery, Mutalisk  
  133  8:31  Drone x5  
  133  8:32  Spore Crawler  
  140  8:35  Zerg Flyer Weapons Level 1  
  140  8:37  Baneling x8  
  140  8:38  Baneling  
  140  8:40  Overlord  
  140  8:46  Zergling x10  
  140  8:48  Baneling x6  
  143  8:49  Baneling  
  143  8:50  Overseer  
  143  8:58  Drone  
  143  8:59  Drone x7  
  143  9:01  Extractor  
  143  9:02  Drone  
  151  9:03  Overlord  
  151  9:09  Zergling x6  
  154  9:11  Zergling x6  
  154  9:13  Zergling x2  
  155  9:17  Zergling x2  
  155  9:20  Overlord  
  155  9:21  Overlord  
  155  9:24  Zergling x2  
  154  9:26  Zergling x6  
  154  9:29  Zergling x2  
  151  9:33  Baneling x2  
  151  9:38  Zergling x2  
  142  9:41  Zergling x14  
  142  9:45  Zergling x4  
  147  9:47  Baneling  
  147  9:48  Zergling x2, Baneling x11  
  147  9:49  Zergling x4  
  147  9:50  Zergling x2  
  147  9:52  Zergling x2  
  148  9:54  Overlord x2  
  148  9:55  Overlord  
  148  9:59  Baneling x9  
  146  10:00  Zergling x2  
  146  10:01  Zergling x4  
  146  10:04  Zergling x2  
  146  10:05  Zergling x4  
  146  10:08  Zergling x4  
  146  10:13  Zergling x4  
  137  10:17  Baneling x6  
  137  10:19  Zergling x6  
  136  10:21  Hatchery  
  136  10:24  Mutalisk x5  
  136  10:29  Mutalisk  
  136  10:30  Mutalisk  
  136  10:33  Mutalisk  
  142  10:40  Baneling x3  
  142  10:41  Hatchery  
  141  10:43  Zergling x6  
  126  10:57  Zergling x16  
  126  11:01  Baneling x10  
  126  11:02  Zergling x4  
  135  11:05  Zergling x2  
  135  11:07  Zergling x2  
  133  11:12  Zergling x4  
  133  11:14  Ravager x2  
  133  11:15  Ravager  
  133  11:16  Zergling x2  
Show
View Real Time Build Order
Export as new Build Order

TSGDynaMite Terran - Winner!

Build Orders: Reaper Expand, Hellion Banshee 

Get SALT Encoding   

  12  0:00  SCV  
  13  0:12  SCV  
  14  0:17  Supply Depot  
  14  0:24  SCV  
  15  0:38  SCV  
  15  0:39  Barracks  
  16  0:44  Refinery  
  16  0:50  SCV  
  17  1:02  SCV  
  18  1:14  SCV  
  19  1:27  Reaper, Orbital Command  
  20  1:40  Command Center  
  20  1:52  SCV  
  20  1:53  Supply Depot  
  21  1:59  Marine  
  22  2:04  SCV  
  23  2:09  Factory  
  23  2:16  SCV  
  23  2:20  Barracks Reactor  
  23  2:21  Refinery  
  24  2:28  SCV  
  25  2:41  SCV  
  26  2:52  Orbital Command  
  26  2:53  SCV, Factory Tech Lab  
  26  2:57  Marine  
  26  2:58  Marine  
  29  3:02  Starport  
  29  3:05  SCV  
  30  3:17  SCV  
  30  3:19  SCV  
  37  3:22  Bunker  
  37  3:27  Supply Depot  
  31  3:34  SCV x2  
  31  3:40  Command Center  
  33  3:43  Hellion x2  
  33  3:46  SCV  
  38  3:48  SCV  
  38  3:54  Banshee  
  42  3:58  Cloaking Field  
  42  4:01  SCV, Supply Depot  
  44  4:10  Hellion x2  
  44  4:13  SCV x2  
  46  4:21  Barracks Tech Lab  
  46  4:25  SCV, Supply Depot  
  46  4:26  SCV  
  50  4:31  Hellion x2  
  50  4:36  Supply Depot  
  50  4:38  SCV x2  
  54  4:39  Banshee  
  54  4:42  Marine  
  54  4:43  Stimpack  
  58  4:50  SCV x2  
  60  4:53  Orbital Command  
  60  4:59  Barracks  
  60  5:03  Factory Reactor, Barracks  
  60  5:06  SCV x2  
  62  5:08  Marine  
  63  5:18  SCV x2  
  63  5:20  SCV  
  66  5:25  Engineering Bay  
  66  5:26  Marine  
  66  5:27  Refinery x2, Engineering Bay  
  67  5:30  SCV x2  
  68  5:37  Starport Reactor  
  68  5:38  Supply Depot  
  68  5:42  SCV  
  68  5:44  SCV  
  69  5:50  Marine, Orbital Command  
  69  5:51  Marine  
  69  5:52  Marine  
  69  5:53  Siege Tank  
  69  5:54  SCV, Terran Infantry Weapons Level 1, Terran Infantry Armor Level 1  
  69  5:56  SCV  
  77  5:57  Supply Depot  
  77  5:59  Supply Depot  
  77  6:02  Marine  
  77  6:03  Marine  
  79  6:06  SCV  
  79  6:08  SCV  
  79  6:10  Marine x3  
  84  6:16  Medivac, Barracks  
  84  6:17  Barracks  
  86  6:18  SCV x2  
  86  6:20  SCV  
  86  6:22  Marine  
  86  6:23  Marine  
  91  6:30  Marine x3, SCV x2  
  91  6:31  Widow Mine  
  91  6:32  SCV  
  97  6:40  Marine x2, Supply Depot x2  
  97  6:42  SCV  
  97  6:43  SCV  
  97  6:44  SCV  
  102  6:48  Marine x2  
  102  6:50  Marine, Medivac x2  
  102  6:52  Combat Shield  
  109  6:55  SCV x2  
  109  6:56  SCV  
  109  6:58  Marine x2, Siege Tank  
  117  7:02  Supply Depot  
  117  7:04  Barracks Reactor x2  
  117  7:09  Marine x3, Armory  
  117  7:13  SCV x2  
  122  7:17  Marine x2, Refinery  
  122  7:18  Refinery  
  122  7:22  Supply Depot  
  124  7:23  Medivac  
  124  7:24  Medivac  
  124  7:27  Marine x3  
  128  7:35  Marine x2  
  130  7:38  Siege Tank  
  130  7:44  Factory  
  130  7:45  Marine x2  
  130  7:48  Missile Turret  
  130  7:49  Missile Turret  
  130  7:50  SCV  
  127  7:52  Marine x5  
  127  7:53  SCV x2  
  133  8:02  SCV, Medivac x2  
  136  8:05  SCV x2  
  136  8:06  Missile Turret  
  136  8:07  Marine  
  138  8:14  SCV, Marine x6  
  138  8:17  SCV  
  138  8:18  SCV  
  145  8:23  Marine  
  145  8:26  SCV  
  147  8:30  SCV x2, Supply Depot  
  147  8:31  Supply Depot  
  149  8:35  Marine x2  
  149  8:39  Marine x4  
  149  8:44  Marine x3, Supply Depot, Terran Infantry Weapons Level 2  
  149  8:46  Factory Reactor  
  149  8:52  Marine x2, Medivac x2, Siege Tank  
  156  8:57  Marine x4  
  156  9:01  Terran Infantry Armor Level 2  
  156  9:02  Marine x2  
  162  9:07  Marine  
  163  9:10  Marine  
  163  9:11  Marine, Command Center  
  163  9:15  Marine x4  
  163  9:19  Marine x2  
  150  9:25  Marine  
  150  9:28  Marine  
  150  9:29  Marine, Widow Mine x2  
  137  9:31  SCV x3  
  137  9:33  Marine x4  
  137  9:37  Marine x2  
  131  9:43  Marine, SCV  
  131  9:44  SCV x2  
  132  9:46  Medivac x2  
  132  9:48  Thor  
  132  9:51  Widow Mine  
  144  9:55  SCV  
  144  9:56  SCV x2, Marauder  
  149  10:04  Marine  
  149  10:05  Marine  
  149  10:06  Widow Mine  
  149  10:08  SCV x3  
  149  10:12  Widow Mine  
  149  10:13  Marine x3  
  140  10:20  SCV  
  138  10:27  Marine x2, Marauder  
  137  10:30  SCV x2  
  137  10:31  Widow Mine  
  137  10:35  Planetary Fortress  
  141  10:42  Missile Turret  
  141  10:50  Missile Turret  
  141  10:54  Marine x9  
  141  10:56  Widow Mine x2  
  136  10:58  Medivac x2  
  139  11:12  Marine x2  
  139  11:13  Marauder  
  139  11:14  Marine x4  
  139  11:15  Marine x2  
  139  11:17  SCV x3  
  137  11:29  SCV  
Tags
 
Add a new tag
Caveats
  • Supply blocks, unpowered buildings, or Contaminate may cause inaccurate times.
  • Supply counts are checked every 10 seconds.